 Dungeon Crawl Stone Soup version 0.17-a0-1701-gf693a3f (console) character file.

57 Monkaria the Scratcher (level 3, -1/17 HPs)
             Began as a Felid Chaos Knight on Aug 21, 2015.
             Slain by a kobold (3 damage)
             ... on level 3 of the Dungeon.
             The game lasted 00:03:24 (3323 turns).

Monkaria the Scratcher (Felid Chaos Knight)         Turns: 3323, Time: 00:03:25

Health: -1/17      AC:  1    Str:  9    XL:     3   Next: 73%
Magic:  4/4        EV: 18    Int: 13    God:    Xom [..*...]
Gold:   173        SH:  0    Dex: 13    Spells: 0 memorised, 2 levels left
                                        Lives:  0   Deaths: 1

rFire  . . .     SeeInvis +       - Unarmed
rCold  . . .     Clarity  +     (armour unavailable)
rNeg   . . .     SustAt   .     (shield unavailable)
rPois  .         Gourm    .     (helmet unavailable)
rElec  .         Spirit   .     (cloak unavailable)
rCorr  .         Warding  .     (gloves unavailable)
rMut   .         Stasis   .     (boots unavailable)
MR     .....                    l - amulet of clarity
Stlth  +++.......               (no ring)
                                k - ring of stealth

@: quick, not resistant to hostile enchantments, fairly stealthy
A: no armour, no weapons or thrown items, claws 1, fangs 3, see invisible,
carnivore 3, clumsy 1, speed 1, shaggy fur 1, slow metabolism 1, sharp paws
a: Renounce Religion


You were on level 3 of the Dungeon.
You worshipped Xom.
You were a toy of Xom.
You were not hungry.

You visited 1 branch of the dungeon, and saw 3 of its levels.

You collected 173 gold pieces.

Inventory:

Jewellery
 k - a ring of stealth (left paw)
 l - an amulet of clarity (around neck)
 o - an uncursed ring of fire
Magical devices
 m - a wand of random effects (10)
Scrolls
 d - 2 scrolls of remove curse {unknown}
 e - a scroll of recharging {unknown}
 g - 2 scrolls of identify {unknown}
 i - 2 scrolls of random uselessness {unknown}
 n - a scroll of teleportation {unknown}
 p - a scroll of fear {unknown}
 q - 2 scrolls of amnesia {unknown}
 r - a scroll of magic mapping {unknown}
Potions
 b - a potion of degeneration {unknown}
 c - a potion of ambrosia {unknown}
 h - 2 potions of curing {unknown}
 j - a potion of flight {unknown}
 s - a potion of heal wounds {unknown}
 t - a potion of might {unknown}
Comestibles
 a - a meat ration
 f - 2 slices of pizza


   Skills:
 - Level 3.0 Fighting
 - Level 3.2 Dodging
 + Level 5.4 Unarmed Combat


You had 2 spell levels left.
You didn't know any spells.

Dungeon Overview and Level Annotations

Branches:
Dungeon (3/15)

Altars:
Cheibriados
Sif Muna
Trog
Xom
Zin
The Shining One


Innate Abilities, Weirdness & Mutations

You cannot wear armour.
You are incapable of wielding weapons or throwing items.
You have sharp claws.
You have razor-sharp teeth.
You have supernaturally acute eyesight.
You are carnivorous and can eat meat at any time.
You cover ground quickly.
You are covered in fur (AC +1).
You have a slow metabolism.
Your sharp claws are effective at attacking unaware monsters.
You are clumsy. (Dex -2)


Message History

You are too injured to fight recklessly!
You are too injured to fight recklessly!
You are too injured to fight recklessly!
You are too injured to fight recklessly!
You are too injured to fight recklessly!
You are too injured to fight recklessly!
You are too injured to fight recklessly!
You are too injured to fight recklessly!
You are too injured to fight recklessly!
You are too injured to fight recklessly!
You are too injured to fight recklessly!
You are too injured to fight recklessly!
Unknown command.
You see here 18 stones.
You scratch the kobold but do no damage.
The kobold closely misses you.
You barely miss the kobold. The kobold completely misses you.
You closely miss the kobold. The kobold hits you.
You die... "It's not fun and games unless someone loses an eye."

...........#
#........# #..
##########.#######
########## #.#
..)..............#
#.#
.#########.########
#.# .# #.# #######
#.# .# #.###.._((##
#.# .# #.##.≈Kg[≈.#
#.# .# #.##.≈≈K≈≈.#
#.# .# #.##..≈@≈..#
#.# .# #.###.≈(≈.##
#.# .# #.# ###(###
#.# .#########.#
#(# #.#
...........# #(#
#.# ############
#.# #.#
#.##############.#
#................#
##################


You could see a goblin and 2 kobolds.

Vanquished Creatures
  2 adders
  An ooze (D:2)
  A worm (D:3)
  6 giant geckos
  An orc (D:3)
  2 giant cockroaches (D:1)
  10 hobgoblins
  6 kobolds
  2 quokkas
  A ball python (D:2)
  13 bats
  3 giant newts (D:1)
  9 goblins
  17 rats
74 creatures vanquished.

Notes
Turn   | Place    | Note
--------------------------------------------------------------
     0 | D:1      | Monkaria the Felid Chaos Knight began the quest for the Orb.
     0 | D:1      | Reached XP level 1. HP: 10/10 MP: 2/2
    25 | D:1      | XOM: harmless Fire miscast
    99 | D:1      | Reached XP level 2. HP: 7/14 MP: 3/3
   284 | D:1      | XOM: butterfly on damage
   581 | D:1      | XOM is BORED!
   581 | D:1      | XOM: polymorph rat -> adder
   583 | D:1      | Reached skill level 4 in Unarmed Combat
   583 | D:1      | Reached XP level 3. HP: 9/17 MP: 4/4
   876 | D:2      | XOM: mild Hex miscast
  1236 | D:1      | XOM: butterfly on damage
  1276 | D:1      | XOM: mild Divn miscast
  1447 | D:2      | Found a snail-covered altar of Cheibriados.
  1495 | D:2      | Found a deep blue altar of Sif Muna.
  1495 | D:2      | Found a glowing golden altar of the Shining One.
  1587 | D:2      | XOM: medium Chrm miscast
  1686 | D:2      | Reached skill level 5 in Unarmed Combat
  1686 | D:2      | Reached XP level 4. HP: 1/21 MP: 5/5
  1840 | D:2      | XOM: 2-stop teleportation journey
  1862 | D:2      | Found a shimmering altar of Xom.
  1934 | D:2      | XOM: colour smoke trail
  1935 | D:2      | XOM: harmless Trmt miscast
  2055 | D:2      | XOM: polymorph butterfly -> ball python
  2467 | D:3      | XOM: scenery: 2 doors open
  2495 | D:3      | Noticed an ogre
  2500 | D:3      | Slain by an ogre
  2501 | D:3      | Reached XP level 3. HP: -1/17 MP: 4/4
  2741 | D:3      | XOM: 7-stop teleportation journey
  2809 | D:3      | XOM: 1-stop teleportation journey
  2815 | D:3      | XOM: fog
  2841 | D:3      | XOM: god gift: 6 tomahawks of returning
  2909 | D:3      | XOM: give mutations
  2909 | D:3      | Gained mutation: You are clumsy. (Dex -2) [Xom's mischief]
  2923 | D:3      | XOM: cast spell 'Summon Butterflies'
  3081 | D:3      | Found a glowing silver altar of Zin.
  3081 | D:3      | Noticed an angel
  3177 | D:3      | XOM: divination: detect items
  3206 | D:3      | Found a bloodstained altar of Trog.
  3323 | D:3      | Slain by a kobold

Vault maps used:
D:1:      minmay_arrival_jagged, minmay_rat_gold_closets
D:2:      xom_butterflies, gammafunk_temple_overflow_pools, interstate_on_off,
          cheibriados_altar_1
D:3:      zin_angel, first_bread, trog_hazing_becter

Action                   |  1- 3 |  4- 6 || total
-------------------------+-------+-------++-------
Melee: Unarmed           |   184 |    19 ||   203
 Stab: Sleeping          |     6 |     8 ||    14
  Eat: Chunk             |     8 |     2 ||    10
